 Dungeon Crawl Stone Soup version 0.23.2 (webtiles) character file.

Game seed: 6197971128295377442

2925 Borgoz the Cutter (level 9, -9/71 HPs)
             Began as a Ghoul Monk on Apr 5, 2019.
             Was a Believer of Ashenzari.
             Mangled by a red ugly thing (10 damage)
             ... on level 7 of the Dungeon.
             The game lasted 00:16:28 (6667 turns).

Borgoz the Cutter (Ghoul Monk)                      Turns: 6667, Time: 00:16:29

Health: -9/71      AC: 10    Str: 20    XL:     9   Next: 79%
Magic:  9/9        EV: 13    Int:  7    God:    Ashenzari [**....]
Gold:   457        SH:  0    Dex: 12    Spells: 8/8 levels left

rFire    . . .     SeeInvis .   a - +2 short sword (freeze)
rCold    + . .     Gourm    .   (no shield)
rNeg     + + +     Faith    .   p - +1 ring mail
rPois    ∞         Spirit   .   (no helmet)
rElec    .         Reflect  .   B - +0 cloak
rCorr    .         Harm     .   z - +0 pair of gloves
MR       .....                  (no boots)
Stlth    +.........             g - amulet of regeneration
HPRegen  0.00/turn              (no ring)
MPRegen  0.11/turn              (no ring)

@: mighty, about to teleport, rotting
A: rotting body, claws 1, carnivore, cold resistance 1, negative energy
resistance 3, inhibited regeneration, torment resistance, unbreathing
a: Curse Item, Scrying, Renounce Religion


You were on level 7 of the Dungeon.
You worshipped Ashenzari.
Ashenzari was pleased with you.
You were not hungry.

You visited 2 branches of the dungeon, and saw 8 of its levels.
You also visited: Sewer and Ossuary.

You collected 457 gold pieces.

Inventory:

Hand Weapons
 a - a +2 short sword of freezing (weapon)
 D - a +0 rapier
Missiles
 i - 5 throwing nets
 q - 15 tomahawks (quivered)
Armour
 p - a +1 ring mail (worn)
 r - a scarf of cloud immunity
 z - a +0 pair of gloves (worn)
 B - a +0 cloak (worn)
Jewellery
 g - an amulet of regeneration (around neck)
Wands
 u - a wand of iceblast (9)
 v - a wand of paralysis (3)
 C - a wand of digging (3)
Scrolls
 b - a scroll of fog
 h - 5 scrolls of teleportation
 s - 8 scrolls of remove curse
 t - 2 scrolls of enchant armour
 w - a scroll of blinking {unknown}
 x - 4 scrolls of identify
 y - 2 scrolls of fear
 A - a scroll of magic mapping
Potions
 f - 4 potions of haste
 j - 2 potions of brilliance {unknown}
 k - 3 potions of agility
 l - 3 potions of mutation {unknown}
 m - 2 potions of cancellation
 n - 3 potions of flight
 o - a potion of ambrosia {unknown}
Comestibles
 c - 9 rations


   Skills:
 + Level 4.2 Fighting
 * Level 7.9 Short Blades
 * Level 7.2 Armour
 + Level 5.8 Dodging
 - Level 2.1 Stealth
 + Level 1.9 Evocations


You had 8 spell levels left.
You didn't know any spells.
Your spell library was empty.

Dungeon Overview and Level Annotations

Branches:
Dungeon (7/15)             Temple (1/1) D:5

Altars:
Ashenzari
Cheibriados
Dithmenos
Elyvilon
Gozag
Kikubaaqudgha
Makhleb
Nemelex Xobeh
Okawaru
Ru
Sif Muna
Uskayaw
Vehumet
Xom
Yredelemnul
Zin


Innate Abilities, Weirdness & Mutations

Your body is rotting away.
You thrive on raw meat.
You are immune to poison.
You have sharp fingernails.
You are carnivorous and can eat meat at any time.
Your flesh is cold resistant. (rC+)
You are immune to negative energy. (rN+++)
You do not regenerate when monsters are visible.
You are immune to unholy pain and torment.
You can survive without breathing.


Message History

You closely miss the red ugly thing.
The red ugly thing is lightly wounded.
A sky beast comes into view.
You feel much better. The red ugly thing closely misses you.
You closely miss the red ugly thing.
The red ugly thing is lightly wounded.
The red ugly thing claws you but does no damage.
You puncture the red ugly thing! You freeze the red ugly thing.
The red ugly thing is moderately wounded.
The red ugly thing claws you.
You are engulfed in flames!
You hit the red ugly thing. You freeze the red ugly thing.
The red ugly thing is moderately wounded.
The red ugly thing claws you.
* * * LOW HITPOINT WARNING * * *
You are engulfed in flames!!
* * * LOW HITPOINT WARNING * * *
Unknown command.
As you read the scroll of teleportation, it crumbles to dust.
You feel strangely unstable. The red ugly thing claws you!
You die...

# # ### ######.# .......#
######.# ##.. #.# ##.#,#.#
######### ##.#,#.#### #.Yu#...#
(..# #....#*#.##@##.#### ...#
#....#{# ,##.##...# ##)# #....##
* ##.###.# ##.# #.....##,,*
#..##.# ##.#.#......### #####.#
######
##.#.#........########.#####<..(.
#................................
...#.#........#################.#
#>.........................# #.#


You could see a red ugly thing and a sky beast.

Vanquished Creatures
  Harold (D:7)
  Prince Ribbit (D:5)
  Grinder (D:5)
  Sigmund (D:6)
  Menkaure (Ossuary)
  An orc warrior (D:6)
  3 big kobolds (Sewer)
  Blork the orc (D:5)
  A bullfrog (D:6)
  A gnoll sergeant (D:6)
  A scorpion (D:7)
  A wyvern skeleton (D:7)
  2 howler monkeys
  2 hounds
  5 orc priests
  Crazy Yiuf (D:6)
  2 bullfrog skeletons
  Terence (D:2)
  Jessica (D:2)
  An iguana (D:7)
  2 orc wizards
  4 worker ants
  A hound zombie (D:4)
  3 mummies (Ossuary)
  10 adders
  3 gnolls (D:6)
  3 oozes
  An adder skeleton (D:7)
  7 worms
  3 dart slugs
  5 leopard geckos
  16 orcs
  A ball python (Sewer)
  4 giant cockroaches
  6 gnoll zombies (Ossuary)
  5 goblins
  6 hobgoblins
  21 jackals
  4 quokkas
  9 bats
  4 frilled lizards
  4 gnoll skeletons (Ossuary)
  5 goblin skeletons (Ossuary)
  3 goblin zombies (Ossuary)
  3 hobgoblin skeletons (Ossuary)
  2 hobgoblin zombies (Ossuary)
  20 kobolds
  5 kobold skeletons (Ossuary)
  7 kobold zombies (Ossuary)
  A leopard gecko zombie (D:5)
  3 orc skeletons (Ossuary)
  4 orc zombies (Ossuary)
  A quokka skeleton (D:3)
  17 rats
  3 rat skeletons (Ossuary)
  2 rat zombies (Ossuary)
227 creatures vanquished.

Vanquished Creatures (others)
  A hobgoblin skeleton (Ossuary)
  A kobold zombie (Ossuary)
  An orc skeleton (Ossuary)
3 creatures vanquished.

Grand Total: 230 creatures vanquished

Notes
Turn   | Place    | Note
-------+----------+-------------------------------------------
     0 | D:1      | Borgoz the Ghoul Monk began the quest for the Orb.
     0 | D:1      | Reached XP level 1. HP: 19/19 MP: 0/0
   292 | D:1      | Reached XP level 2. HP: 17/26 MP: 1/1
   327 | D:2      | HP: 1/26 [hobgoblin (3)]
   342 | D:2      | Reached skill level 1 in Armour
   513 | D:2      | Reached XP level 3. HP: 30/31 MP: 2/2
   903 | D:1      | Reached XP level 4. HP: 38/38 MP: 3/3
  1465 | D:2      | Found a shimmering altar of Xom.
  1465 | D:2      | Noticed an angel
  1466 | D:2      | Found a glowing silver altar of Zin.
  1643 | D:3      | Reached XP level 5. HP: 8/45 MP: 4/4
  1715 | D:3      | Found a burning altar of Makhleb.
  1971 | D:3      | Found a glowing drain.
  1976 | Sewer    | Entered a sewer
  2104 | Sewer    | Noticed a big kobold
  2138 | Sewer    | Killed a big kobold
  2138 | Sewer    | Reached XP level 6. HP: 36/51 MP: 5/5
  2411 | D:3      | Reached XP level 7. HP: 37/57 MP: 6/6
  2415 | D:3      | Reached skill level 5 in Short Blades
  2534 | D:2      | Noticed Jessica
  2543 | D:2      | Killed Jessica
  2571 | D:2      | Noticed Terence
  2589 | D:2      | Killed Terence
  3015 | D:3      | Found a shattered altar of Ashenzari.
  3056 | D:3      | Became a worshipper of Ashenzari the Shackled
  3056 | D:3      | Reached * piety under Ashenzari
  3056 | D:3      | Reached ** piety under Ashenzari
  3379 | D:4      | Found a sand-covered staircase.
  3410 | Ossuary  | Entered an ossuary
  3756 | Ossuary  | Noticed Menkaure
  3776 | Ossuary  | Killed Menkaure
  3965 | D:4      | Reached XP level 8. HP: 61/63 MP: 7/7
  4126 | D:4      | Reached skill level 5 in Armour
  4499 | D:5      | Entered Level 5 of the Dungeon
  4528 | D:5      | Noticed Grinder
  4537 | D:5      | Paralysed by Grinder for 7 turns
  4556 | D:5      | Paralysed by Grinder for 7 turns
  4565 | D:5      | Killed Grinder
  4680 | D:5      | Noticed Blork the orc
  4703 | D:5      | Killed Blork the orc
  4760 | D:5      | Found a staircase to the Ecumenical Temple.
  4818 | Temple   | Entered the Ecumenical Temple
  4923 | D:5      | Noticed Prince Ribbit
  5154 | D:5      | Found a white marble altar of Elyvilon.
  5201 | D:5      | Killed Prince Ribbit
  5201 | D:5      | Reached skill level 5 in Dodging
  5455 | D:6      | Reached XP level 9. HP: 44/70 MP: 8/8
  5653 | D:6      | Noticed Sigmund
  5680 | D:6      | Killed Sigmund
  6032 | D:6      | Found a runed translucent door.
  6033 | D:6      | Noticed Crazy Yiuf
  6044 | D:6      | Killed Crazy Yiuf
  6144 | D:7      | Noticed Harold
  6180 | D:7      | Killed Harold
  6180 | D:7      | Reached skill level 1 in Evocations
  6505 | D:7      | Found a sparkling altar of Nemelex Xobeh.
  6510 | D:7      | Found an opulent altar of Gozag.
  6658 | D:7      | Noticed a red ugly thing
  6665 | D:7      | HP: 1/71 [red ugly thing (20)]
  6667 | D:7      | Mangled by a red ugly thing

Skill      XL: |  1  2  3  4  5  6  7  8  9 |
---------------+----------------------------+-----
Short Blades   | 3 4 5 7 |  7.9
Armour         | 1 2 3 4 6 7 |  7.2
Dodging        | 3 4 5 |  5.8
Fighting       | 4 |  4.2
Evocations     | 1 |  1.9
Stealth        | |  2.1

Action                   |  1- 3 |  4- 6 |  7- 9 || total
-------------------------+-------+-------+-------++-------
Melee: Short sword       |   203 |   402 |   671 ||  1276
Throw: Tomahawk          |       |       |     1 ||     1
Evoke: Wand              |       |       |    10 ||    10
  Use: Potion            |     5 |     2 |    18 ||    25
       Scroll            |     3 |     6 |     7 ||    16
 Stab: Paralysed         |       |       |     2 ||     2
       Sleeping          |       |       |     1 ||     1
  Eat: Chunk             |    27 |    12 |    20 ||    59
       Ration            |       |       |     1 ||     1
Armor: Leather armour    |    61 |    27 |       ||    88
       Ring mail         |       |    67 |   130 ||   197
Dodge: Dodged            |   159 |   255 |   269 ||   683
